 Dungeon Crawl Stone Soup version 0.22-a0-75-g1fede22 (webtiles) character file.

51 KristoblXynda the Slasher (level 4, -21/33 HPs)
             Began as a Formicid Gladiator on Jan 12, 2018.
             Demolished by an ogre
             ... wielding a +0 giant spiked club
              (27 damage)
             ... on level 2 of the Dungeon.
             The game lasted 00:01:27 (1521 turns).

KristoblXynda the Slasher (Formicid Gladiator)      Turns: 1521, Time: 00:01:28

Health: -21/33     AC:  3    Str: 20    XL:     4   Next: 7%
Magic:  4/4        EV: 13    Int:  7    God:
Gold:   100        SH:  0    Dex: 12    Spells: 3/3 levels left

rFire    . . .     SeeInvis +   a - +0 long sword
rCold    . . .     Gourm    .   (no shield)
rNeg     . . .     Faith    .   b - +0 leather armour
rPois    .         Spirit   .   (helmet unavailable)
rElec    .         Reflect  .   (no cloak)
rCorr    .         Harm     .   (no gloves)
MR       .....                  (no boots)
Stlth    +.........             (no amulet)
HPRegen  0.11/turn              (no ring)
MPRegen  0.09/turn              (no ring)

@: no status effects
A: permanent stasis, dig shafts and tunnels, four strong arms, antennae 3
a: Dig, Shaft Self


You were on level 2 of the Dungeon.
You were not hungry.

You visited 1 branch of the dungeon, and saw 2 of its levels.

You collected 100 gold pieces.

Inventory:

Hand Weapons
 a - a +0 long sword (weapon)
Missiles
 c - 2 throwing nets (quivered)
Armour
 b - a +0 leather armour (worn)
Scrolls
 e - 3 scrolls of identify {unknown}
 g - a scroll of enchant weapon {unknown}
Potions
 f - 2 potions of curing {unknown}


   Skills:
 - Level 2.1 Fighting
 * Level 3.7 Long Blades
 - Level 2.0 Throwing
 + Level 1.8 Armour
 + Level 3.2 Dodging


You had 3 spell levels left.
You didn't know any spells.

Dungeon Overview and Level Annotations

Branches:
Dungeon (2/15)

Altars:


Innate Abilities, Weirdness & Mutations

You cannot be hasted, slowed, berserked, paralysed or teleported.
You can dig through walls and to a lower floor.
Your four strong arms can wield two-handed weapons with a shield.
You have a pair of large antennae on your head. (SInv)


Message History

You throw a throwing net. The throwing net hits the ogre.
The ogre is caught in the net!
The ogre is lightly wounded.
The ogre struggles against the net.
The ogre struggles against the net.
You hit the ogre.
The ogre is lightly wounded.
The ogre struggles against the net.
You hit the ogre.
The ogre is lightly wounded.
The ogre struggles against the net.
You barely miss the ogre.
The ogre is lightly wounded.
The ogre struggles against the net. x2
The net rips apart, and the ogre comes free!
You slash the ogre!
The ogre is heavily wounded.
The ogre hits you with a giant spiked club!!
Ouch! That really hurt!
You die...

..........>..........#
##.#......#.########.#
#.#...........#.....#
#.#†#......#.##.#####
##.#...<......##.#
##.#.#.####...##.#
.................#
.#####.####.############
......... #.....@O.....#
..####.##.############.#
#.# # #.# #.## #..# ##.#
#.## #..# .#


You could see an ogre.

Vanquished Creatures
  An adder (D:2)
  A gnoll (D:1)
  3 leopard geckos
  3 bats
  A giant cockroach (D:1)
  4 goblins
  A hobgoblin (D:2)
  3 jackals (D:1)
  A ball python (D:1)
  2 frilled lizards
  4 kobolds (D:1)
  6 rats
30 creatures vanquished.

Notes
Turn   | Place    | Note
-------+----------+-------------------------------------------
     0 | D:1      | KristoblXynda the Formicid Gladiator began the quest for the Orb.
     0 | D:1      | Reached XP level 1. HP: 16/16 MP: 1/1
   146 | D:1      | Reached XP level 2. HP: 22/22 MP: 2/2
   155 | D:1      | Reached skill level 1 in Armour
   367 | D:1      | Reached XP level 3. HP: 4/27 MP: 3/3
  1122 | D:2      | Reached XP level 4. HP: 7/33 MP: 4/4
  1463 | D:2      | Noticed an ogre
  1521 | D:2      | Demolished by an ogre

Vault maps used:
D:1:      dpeg_arrival_connections
D:2:      chequers_ecumenical_altar_island, first_ration, elyvilon_altar_1

Skill      XL: |  1  2 |
---------------+-------+-----
Armour         | 1 |  1.8
Dodging        | 3 |  3.2
Fighting       | |  2.1
Long Blades    | |  3.7
Throwing       | |  2.0

Action                   |  1- 3 |  4- 6 || total
-------------------------+-------+-------++-------
Melee: Long sword        |    94 |     7 ||   101
Throw: Throwing net      |       |     1 ||     1
  Eat: Chunk             |     1 |       ||     1
       Ration            |       |     1 ||     1
Armor: Leather armour    |    20 |       ||    20
Dodge: Dodged            |    90 |       ||    90
       Rpst.: Long sword |    22 |       ||    22

Table legend:
 A = Spawn XP
 B = Non-spawn XP
 C = Spawn XP percentage of total XP
 D = Spawn monster count
 E = Non-spawn monster count
 F = Spawn count percentage of total count
 G = Total turns spent on level
                    A         B        C        D         E        F      G
               +---------+---------+-------+---------+---------+-------+---------
         Total |       0 |      74 |   0.0 |       0 |      30 |   0.0 |  1521
               +---------+---------+-------+---------+---------+-------+---------
           D:1 |       0 |      47 |   0.0 |       0 |      21 |   0.0 |  1010
           D:2 |       0 |      27 |   0.0 |       0 |       9 |   0.0 |   511
               +---------+---------+-------+---------+---------+-------+---------
